 Dungeon Crawl Stone Soup version 0.29.0-7-g18a832c13a (webtiles) character file.

Game seed: 15868456758410362030

63547 robertstho the Thaumaturge (level 15, -6/111 HPs)
             Began as a Djinni Fire Elementalist on Aug 30, 2022.
             Was the Champion of Makhleb.
             Mangled by a dire elephant (8 damage)
             ... on level 5 of the Lair of Beasts.
             The game lasted 00:33:49 (22113 turns).

robertstho the Thaumaturge (DjFE)                  Turns: 22113, Time: 00:33:50

Health: -6/111     AC: 11    Str:  9    XL:     15   Next: 50%
Gold:   779        EV: 18    Int: 26    God:    Makhleb [******] SH:  0 Dex: 12

rFire   + + +      SeeInvis .   d - +8 hand axe of Jer Epti {spect, rPois rC+ Str+2 Int+2 Dex-2}
rCold   . . .      Faith    .   (no shield)
rNeg    . . .      Spirit   .   g - +3 leather armour {rF+}
rPois   ∞          Reflect  .   (no helmet)
rElec   .          Harm     .   A - scarf {repulsion}
rCorr   .          Rampage  .   (no gloves)
Will    +....                   (boots unavailable)
Stlth   +++.......              P - amulet of the acrobat
HPRegen 0.28/turn               j - +4 ring of protection
MPRegen 0.00/turn               N - +4 ring of evasion

@: flying, repel missiles
A: sickness immunity, fire resistance 2, cold vulnerability 1, float, innate
caster, HP casting, extra vitality 1
a: Renounce Religion, Minor Destruction, Lesser Servant of Makhleb, Major
Destruction, Greater Servant of Makhleb


You were on level 5 of the Lair of Beasts.
You worshipped Makhleb.
Makhleb was exalted by your worship.
You visited 3 branches of the dungeon, and saw 18 of its levels.
You also visited: Sewer, Ossuary and Volcano.

You collected 1212 gold pieces.
You spent 433 gold pieces at shops.

Inventory:

Hand Weapons
 d - the +8 hand axe of Jer Epti (weapon) {spect, rPois rC+ Str+2 Int+2 Dex-2}
   (You found it on level 2 of the Dungeon)

   When its wielder attacks, the weapon's spirit leaps out and strikes again.
   The spirit shares a part of any damage it takes with its wielder.
   Str:       It affects your strength (+2).
   Int:       It affects your intelligence (+2).
   Dex:       It affects your dexterity (-2).
   rC:        It protects you from cold.
   rPois:     It protects you from poison.
 E - a +2 morningstar
Missiles
 b - 3 throwing nets
Armour
 g - a +3 leather armour of fire resistance (worn)
 y - a +4 ring mail of positive energy
 A - a scarf of repulsion (worn)
 D - a +2 robe of cold resistance
Jewellery
 j - a +4 ring of protection (left hand)
 l - a ring of positive energy
 F - a ring of see invisible
 M - a ring of wizardry
 N - a +4 ring of evasion (right hand)
 P - an amulet of the acrobat (around neck)
Wands
 u - a wand of iceblast (16)
 x - a wand of paralysis (38)
 K - a wand of digging (18)
 L - a wand of acid (23)
 Q - a wand of mindburst (7)
Scrolls
 f - 2 scrolls of fear
 i - 6 scrolls of immolation
 m - 3 scrolls of silence
 o - 2 scrolls of summoning
 p - 2 scrolls of enchant armour
 q - 4 scrolls of teleportation
 r - 4 scrolls of identify
 s - 9 scrolls of butterflies
 z - 6 scrolls of vulnerability
 B - 5 scrolls of enchant weapon
 G - 4 scrolls of poison
 H - 5 scrolls of magic mapping
 I - a scroll of brand weapon
Potions
 a - 5 potions of invisibility
 c - 4 potions of lignification
 e - 2 potions of resistance
 h - 7 potions of curing
 k - 3 potions of haste
 n - 5 potions of might
 t - 2 potions of cancellation
 v - 4 potions of berserk rage
 w - 4 potions of mutation
Miscellaneous
 J - a box of beasts
 O - a phantom mirror


   Skills:
 * Level 11.2 Fighting
 + Level 6.1 Axes
 + Level 7.9 Armour
 + Level 7.9 Dodging
 + Level 6.2 Stealth
 * Level 14.1 Spellcasting
 * Level 8.1 Invocations


You had 5 spell levels left.
You knew the following spells:

 Your Spells              Type           Power      Damage    Failure   Level
a - Foxfire               Conj/Fire      100%       2x1d9     0%          1
b - Scorch                Fire           100%       2d10      1%          2
c - Conjure Flame         Conj/Fire      75%        6-21      1%          3
d - Inner Flame           Hex/Fire       75%        N/A       1%          3
e - Flame Wave            Conj/Fire      75%        2d17      1%          4
f - Slow                  Hex            100%       N/A       0%          1
g - Passwall              Tmut/Erth      62%        N/A       1%          2
h - Teleport Other        Tloc           75%        N/A       1%          3
i - Tukima's Dance        Hex            75%        N/A       1%          3
j - Leda's Liquefaction   Hex/Erth       37%        N/A       1%          4
k - Blade Hands           Tmut           37%        N/A       1%          5
l - Starburst             Conj/Fire      37%        6d11      1%          6
Your spell library was empty.

Dungeon Overview and Level Annotations

Branches:
Dungeon (12/15)            Temple (0/1) D:5            Lair (5/5) D:11
 Shoals (0/4) Lair:3       Spider (0/4) Lair:3        Slime (0/5) Lair:5
    Orc (1/2) D:9           Sewer (visited)         Ossuary (visited)
Volcano (visited)

Altars:
Cheibriados
Elyvilon
Fedhas
Makhleb
Okawaru
Xom
Zin
Jiyva

Shops:
D:2 [   D:7 !   D:9 *   D:10 (

Annotations:
D:6 1 runed translucent door
Lair:2 3 runed translucent doors, nickcage's ghost, journeyman MiAK


Innate Abilities, Weirdness & Mutations

You are immune to sickness and miasma.
You are immune to poison.
Your flesh is very heat resistant. (rF++)
You are vulnerable to cold. (rC-)
You float through the air rather than walking.
You learn spells naturally, not from books.
Your magical power is your life essence.
You have superior vitality. (+4 MHP)


Message History

Casting: Starburst (dangerous; 1% risk of failure)
Confirm with . or Enter, or press ? or * to list all spells.
Casting: Starburst (dangerous; 1% risk of failure)
Press: ? - help, Dir - look around, f - activate The bolt of fire hits the dire elephant!!
The dire elephant is severely wounded.
The bolt of fire hits the dire elephant!!!
The dire elephant is almost dead.
The bolt of fire misses the spectral anaconda.
The bolt of fire hits the dire elephant!!
The dire elephant is almost dead.
The bolt of fire hits the withered plant!!!
The withered plant is severely damaged.
* * * LOW HITPOINT WARNING * * *
The dire elephant closely misses you. The dire elephant trunk-slaps you.
* * * LOW HITPOINT WARNING * * *
The dire elephant barely misses you.
The dire elephant completely misses you.
Unknown command.
Unknown command.
Casting: Starburst (dangerous; 1% risk of failure)
Confirm with . or Enter, or press ? or * to list all spells.
Casting: Starburst (dangerous; 1% risk of failure)
Press: ? - help, Dir - look around, f - activate The bolt of fire hits the withered plant!!!
You destroy the withered plant!
The bolt of fire hits the dire elephant!!!
The dire elephant is almost dead.
The bolt of fire hits the dire elephant!!
You kill the dire elephant!
Makhleb accepts your kill.
The bolt of fire hits the spectral anaconda!!!
You destroy the spectral anaconda!
Makhleb accepts your kill.
You feel better.
* * * LOW HITPOINT WARNING * * *
The dire elephant tramples you!!
* * * LOW HITPOINT WARNING * * *
You hold your ground!
The dire elephant trunk-slaps you!
You die...

.........'..8#p...
.........#.8##8..8
.........#.####''#
.........#.##.≈≈§##
.........#.#.~≈≈§~#
P........#.#~§≈≈§~#
P........#.##~§~..
.........#..#~.YY#
.........##.####@##
.........♣#P..#8.8#
..........###.#...###
..........P##.##..#.#
...........##..#..'.###
...........♣##.#..'...#
...........♣ #.#####.P#
#.........♣# #P.P.'...#
###.......# ###..'...#


You could see 2 dire elephants.

Vanquished Creatures
  2 dire elephants (Lair:5)
  A catoblepas (Lair:2)
  4 hydras
  A centaur warrior (D:11)
  7 two-headed ogres
  4 death yaks (Lair:1)
  Nergalle (Lair:1)
  A fire crab (Volcano)
  A spectral anaconda (Lair:5)
  The ghost of Zeldest the Trooper, a novice DjDe of Hepliaklqana (D:6)
  An orc knight (D:11)
  2 lindwurms
  2 ugly things (D:12)
  2 necromancers (Lair:5)
  A manticore (D:11)
  A deep elf pyromancer (D:12)
  Maurice (Orc:1)
  16 elephants
  A merfolk siren (Lair:3)
  8 black mambas
  A torpor snail (Lair:4)
  8 cane toads
  2 gargoyles
  A rime drake (Lair:1)
  2 kobold demonologists (D:11)
  2 unseen horrors
  9 komodo dragons
  6 trolls
  6 polar bears
  Prince Ribbit (D:6)
  3 hornets
  A spectral elephant (Lair:5)
  5 blink frogs
  8 slime creatures (D:12)
  4 centaur simulacra (D:12)
  14 dream sheep
  Sigmund (D:5)
  3 shadows
  3 culicivoras (Lair:3)
  52 yaks
  3 wyverns
  2 wraiths (D:10)
  6 fire bats
  A basilisk (Lair:1)
  Eustachio (D:6)
  A vampire mosquito (D:11)
  A death yak simulacrum (Lair:5)
  3 steam dragons
  A warg (Orc:1)
  3 hell hounds (Volcano)
  Duvessa (D:5)
  An acid dragon (D:9)
  16 water moccasins
  Pargi (Sewer)
  A meliai simulacrum (D:12)
  10 orc warriors
  2 black bears
  A sky beast (D:6)
  4 ice beasts
  4 wolves (Lair:2)
  4 ogres
  12 centaurs
  3 phantoms
  5 kobold brigands
  Blork the orc (D:6)
  9 bullfrogs
  4 necrophages
  5 scorpions
  10 wights
  Dowan (D:5)
  An elephant simulacrum (Lair:5)
  4 killer bees (D:8)
  2 jellies (D:6)
  4 electric eels
  4 howler monkeys
  11 crimson imps (D:7)
  3 centaur zombies (Ossuary)
  3 hounds
  10 orc priests
  A gnoll bouda (D:8)
  3 iron imps (D:5)
  Jessica (D:2)
  4 iguanas
  Ijyb (D:3)
  Terence (D:3)
  Natasha (thrice) (D:2)
  20 orc wizards
  5 mummies (Ossuary)
  3 gnolls (D:8)
  8 adders
  2 river rats (D:6)
  A shadow imp (D:6)
  3 white imps
  5 ufetubi
  A worm (D:2)
  4 dart slugs
  74 orcs
  9 ball pythons
  4 endoplasms
  5 giant cockroaches
  16 goblins
  8 hobgoblins
  3 jackals (D:3)
  19 kobolds
  2 quokkas
  6 bats
  10 frilled lizards
  4 hobgoblin zombies (Ossuary)
  10 rats
  A withered plant (Lair:5)
586 creatures vanquished.

Vanquished Creatures (collateral kills)
  A hydra (D:11)
  A boulder beetle (D:11)
  3 foxfires (Lair:2)
5 creatures vanquished.

Vanquished Creatures (others)
  An orc wizard (D:4)
  866 foxfires
  19 fungi
  44 plants
  12 withered plants (Lair:5)
942 creatures vanquished.

Grand Total: 1533 creatures vanquished

Notes
Turn   | Place    | Note
-------+----------+-------------------------------------------
     0 | D:1      | robertstho the Djinni Fire Elementalist began the quest for
                  | the Orb.
     0 | D:1      | robertstho set off with the following spells memorised:
                  | Foxfire, Scorch, Conjure Flame, Inner Flame, Flame Wave.
     0 | D:1      | Reached XP level 1. HP: 15/15 MP: 0/0
   324 | D:1      | Reached XP level 2. HP: 19/21 MP: 0/0
   848 | D:1      | Reached skill level 3 in Spellcasting
   947 | D:1      | Reached XP level 3. HP: 24/25 MP: 0/0
   947 | D:1      | Learned a level 1 spell: Slow
  1108 | D:1      | Found a faded altar of an unknown god.
  1388 | D:2      | Identified the +8 hand axe of Jer Epti {spect, rPois rC+
                  | Str+2 Int+2 Dex-2}
  1410 | D:2      | Found Feteri's Armour Boutique.
  1484 | D:2      | Noticed Natasha
  1490 | D:2      | Killed Natasha
  1491 | D:2      | Reached XP level 4. HP: 17/31 MP: 0/0
  1638 | D:2      | Noticed Natasha
  1645 | D:2      | Killed Natasha
  1646 | D:2      | Reached skill level 1 in Fighting
  1732 | D:2      | Noticed Jessica
  1736 | D:2      | Killed Jessica
  1737 | D:2      | Reached XP level 5. HP: 34/37 MP: 0/0
  1737 | D:2      | Learned a level 2 spell: Passwall
  1745 | D:2      | Noticed Natasha
  1747 | D:2      | Killed Natasha
  1748 | D:2      | Reached skill level 4 in Spellcasting
  2240 | D:2      | Noticed an ogre
  2244 | D:2      | Killed an ogre
  2245 | D:2      | Reached XP level 6. HP: 34/42 MP: 0/0
  2720 | D:3      | Identified the +9 plate armour of Necveeplett {rC+ Int+6}
  2967 | D:3      | Found a glowing drain.
  3037 | Sewer    | Entered a sewer
  3168 | Sewer    | Noticed Pargi
  3175 | Sewer    | Killed Pargi
  3176 | Sewer    | Reached skill level 5 in Spellcasting
  3176 | Sewer    | Reached XP level 7. HP: 35/48 MP: 0/0
  3176 | Sewer    | Learned a level 3 spell: Teleport Other
  3503 | D:3      | Reached skill level 7 in Spellcasting
  3503 | D:3      | Reached XP level 8. HP: 64/64 MP: 0/0
  3617 | D:3      | Noticed Ijyb
  3626 | D:3      | Killed Ijyb
  3664 | D:3      | Noticed Terence
  3668 | D:3      | Killed Terence
  4944 | D:5      | Entered Level 5 of the Dungeon
  5105 | D:5      | Noticed Sigmund
  5113 | D:5      | Killed Sigmund
  5114 | D:5      | Reached XP level 9. HP: 61/68 MP: 0/0
  5114 | D:5      | Learned a level 3 spell: Tukima's Dance
  5153 | D:5      | Found a burning altar of Makhleb.
  5174 | D:5      | Reached skill level 5 in Stealth
  5177 | D:5      | Became a worshipper of Makhleb the Destroyer
  5291 | D:5      | Noticed Dowan
  5293 | D:5      | Noticed Duvessa
  5299 | D:5      | Killed Dowan
  5302 | D:5      | Killed Duvessa
  5303 | D:5      | Reached skill level 8 in Spellcasting
  5416 | D:5      | Reached skill level 1 in Axes
  5418 | D:5      | Reached skill level 5 in Armour
  5444 | D:5      | Reached skill level 1 in Invocations
  5697 | D:5      | Found a staircase to the Ecumenical Temple.
  6011 | D:6      | Noticed Blork the orc
  6015 | D:6      | Killed Blork the orc
  6069 | D:6      | Reached XP level 10. HP: 56/76 MP: 0/0
  6292 | D:6      | Found a runed translucent door.
  6292 | D:6      | Noticed Zeldest's ghost (novice DjDe)
  6305 | D:6      | Reached * piety under Makhleb
  6332 | D:6      | Killed Zeldest's ghost
  6352 | D:6      | Noticed Prince Ribbit
  6358 | D:6      | Killed Prince Ribbit
  6446 | D:6      | Noticed Eustachio
  6450 | D:6      | Killed Eustachio
  6588 | D:6      | Found a runed translucent door.
  7243 | D:7      | Found Quedgh's Distillery.
  7251 | D:7      | Bought a potion of lignification for 45 gold pieces
  7251 | D:7      | Bought a potion of might for 60 gold pieces
  7251 | D:7      | Bought a potion of heal wounds for 75 gold pieces
  7251 | D:7      | Bought a potion of attraction for 45 gold pieces
  7251 | D:7      | Bought a potion of berserk rage for 75 gold pieces
  7267 | D:7      | Reached ** piety under Makhleb
  7518 | D:7      | Found a shimmering altar of Xom.
  7570 | D:7      | Noticed a gargoyle
  7580 | D:7      | Killed a gargoyle
  7581 | D:7      | Reached XP level 11. HP: 41/81 MP: 0/0
  7581 | D:7      | Learned a level 4 spell: Leda's Liquefaction
  7884 | D:7      | Reached *** piety under Makhleb
  8097 | D:7      | Found a white marble altar of Elyvilon.
  8607 | D:8      | Noticed a two-headed ogre
  8619 | D:8      | Killed a two-headed ogre
  8620 | D:8      | Reached skill level 9 in Spellcasting
  9035 | D:8      | Found a sand-covered staircase.
  9079 | Ossuary  | Entered an ossuary
  9140 | Ossuary  | Reached **** piety under Makhleb
  9642 | D:8      | Found a snail-covered altar of Cheibriados.
  9693 | D:8      | Found a blossoming altar of Fedhas.
  9955 | D:9      | Noticed a two-headed ogre
  9961 | D:9      | Killed a two-headed ogre
  9995 | D:9      | Found an iron altar of Okawaru.
 10201 | D:9      | Found Xyofuec's Assorted Antiques.
 10201 | D:9      | Noticed a two-headed ogre
 10206 | D:9      | Killed a two-headed ogre
 10210 | D:9      | Bought a scroll of identify for 70 gold pieces
 10210 | D:9      | Bought 2 fizzy orange potions for 63 gold pieces
 10471 | D:9      | Found a staircase to the Orcish Mines.
 10560 | D:10     | Entered Level 10 of the Dungeon
 10720 | D:10     | Found Uciathon's Antique Weapon Emporium.
 10920 | D:10     | Noticed a two-headed ogre
 10927 | D:10     | Killed a two-headed ogre
 11014 | D:10     | Reached XP level 12. HP: 81/88 MP: 0/0
 11234 | D:10     | Reached skill level 10 in Spellcasting
 11711 | D:11     | Noticed a two-headed ogre
 11741 | D:11     | Killed a two-headed ogre
 11811 | D:11     | Noticed a two-headed ogre
 11821 | D:11     | Killed a two-headed ogre
 11821 | D:11     | Noticed a centaur warrior
 11829 | D:11     | Killed a centaur warrior
 11834 | D:11     | Noticed a seven-headed hydra
 12135 | Orc:1    | Entered Level 1 of the Orcish Mines
 12135 | Orc:1    | Noticed Maurice
 12141 | Orc:1    | Noticed an orc warlord
 12146 | Orc:1    | Killed Maurice
 12150 | Orc:1    | Reached ***** piety under Makhleb
 12450 | D:11     | Found a glowing silver altar of Zin.
 12487 | D:11     | Noticed a boulder beetle
 12502 | D:11     | Killed a boulder beetle
 12505 | D:11     | Killed a seven-headed hydra
 12506 | D:11     | Reached skill level 11 in Spellcasting
 12506 | D:11     | Reached skill level 5 in Invocations
 13161 | D:11     | Reached XP level 13. HP: 70/94 MP: 0/0
 13161 | D:11     | Learned a level 5 spell: Blade Hands
 13606 | D:11     | Found a staircase to the Lair.
 14475 | D:12     | Reached skill level 12 in Spellcasting
 15245 | Lair:1   | Entered Level 1 of the Lair of Beasts
 15547 | Lair:1   | Noticed Nergalle
 15560 | Lair:1   | Killed Nergalle
 15563 | Lair:1   | Reached skill level 5 in Axes
 15763 | Lair:1   | Noticed a four-headed hydra
 15771 | Lair:1   | Killed a four-headed hydra
 15841 | Lair:1   | Reached skill level 10 in Fighting
 15909 | Lair:1   | Reached XP level 14. HP: 72/103 MP: 0/0
 16708 | Lair:2   | Found a runed translucent gate.
 16708 | Lair:2   | Found a runed translucent gate.
 16709 | Lair:2   | Found a runed translucent gate.
 16711 | Lair:2   | Noticed nickcage's ghost (journeyman MiAK)
 18373 | Lair:3   | Reached skill level 13 in Spellcasting
 18850 | Lair:3   | Found a staircase to the Shoals.
 18911 | Lair:3   | Found a hole to the Spider Nest.
 19046 | Lair:4   | Reached ****** piety under Makhleb
 19257 | Lair:4   | Reached XP level 15. HP: 68/109 MP: 0/0
 19257 | Lair:4   | Learned a level 6 spell: Starburst
 19311 | Lair:4   | Found a dark tunnel.
 19320 | Volcano  | Entered a volcano
 20570 | Lair:5   | Entered Level 5 of the Lair of Beasts
 20636 | Lair:5   | Reached skill level 14 in Spellcasting
 21013 | Lair:5   | Found a viscous altar of Jiyva.
 21014 | Lair:5   | Found a staircase to the Slime Pits.
 22113 | Lair:5   | HP: 2/111 [dire elephant (27)]
 22113 | Lair:5   | Mangled by a dire elephant

Illustrated notes

Levels and vault maps discovered:
D:1:      minmay_arrival_five_plusses, layout_rooms,
          ebering_ecumenical_altar_box, minmay_split_cup_small
D:2:      wad_pebble_path, layout_basic, serial_shops, nicolae_shop_waterfront,
          kennysheep_generic_room_14, uniq_jessica, uniq_natasha
D:3:      kennysheep_the_goblin_king, layout_rooms, gup_sewer_entry_glass,
          uniq_terence
D:4:      layout_loops_ring, mainiacjoe_overflow_brackets
D:5:      layout_basic, demons_altar, temple_pool_b, serial_corexii_hall,
          corexii_hall_statues_deadend, chequers_hall_statues_y,
          chequers_hall_statues_wall_a, corexii_hall_statues_deadend,
          chequers_hall_statues_wall_a, chequers_hall_statues_wall_a,
          grunt_decor_junction, uniq_duvessa, uniq_sigmund
D:6:      layout_gridville, ebering_ghost_sewer_f, uniq_prince_ribbit1,
          uniq_blork_the_orc, uniq_eustachio
D:7:      layout_layer_cave, led_xom_imps, elyvilon_altar_1, serial_shops,
          nicolae_square_shop, corexii_hall_statues_l, minmay_nine_imps
D:8:      layout_cave_pools, mainiacjoe_overflow_alcove_1,
          kennysheep_slug_shrine, lightli_ossuary_entry_decrepit_ruins,
          serial_bayou_lagoon_b
D:9:      layout_roguey, nicolae_overflow_crystal_walls, orc_0_dummy,
          serial_shops, shop
D:10:     layout_stronghold, serial_shops, nicolae_diamond_shop, hex_large,
          chequers_serial_rivers_large_b, minmay_statues_item, minmay_holes,
          minivault_5
D:11:     layout_roguey, lair_entry_dummy, minmay_ruined_shrine
D:12:     layout_long_grid, serial_ice, serial_ice_m, serial_ice_g,
          serial_ice_f, serial_ice_e, serial_ice_h, serial_ice_d, serial_ice_n
Lair:1:   layout_gridlike, grunt_forest_large_clearing_hut, grunt_megastairs_5,
          infiniplex_staircase_pool, serial_bayou_shore_b, uniq_nergalle
Lair:2:   layout_cave_pods, ebering_ghost_rock_garden, amcnicky_mini_pool_medium
Lair:3:   layout_cave_shapes, minmay_shoals_entry_lonely_mermaid,
          hellmonk_spider_entry_life_and_decay, hangedman_lair_unloving_vines
Lair:4:   layout_gridlike, enter_volcano_2, st_stairs_12, wad_woods_road_05,
          grunt_megastairs_2
Lair:5:   due_jungle_book, layout_regular_city, dpeg_slime_entry_enclosed
Orc:1:    layout_caves, gammafunk_ghost_wrathful_warriors, basic_altar,
          uniq_maurice

Skill      XL: |  1  2  3  4  5  6  7  8  9 10 11 12 13 14 15 |
---------------+----------------------------------------------+-----
Spellcasting   | 3 4 5 7 8 9 11 12 13 14 | 14.1
Fighting       | 1 7 8 9 10 11 | 11.2
Stealth        | 2 4 5 6 |  6.2
Armour         | 4 5 6 7 |  7.9
Dodging        | 6 7 |  7.9
Axes           | 2 3 4 5 6 |  6.1
Invocations    | 1 3 4 5 6 7 8 |  8.1

Action                   |  1- 3 |  4- 6 |  7- 9 | 10-12 | 13-15 || total
-------------------------+-------+-------+-------+-------+-------++-------
Melee: Unarmed           |     2 |       |       |       |       ||     2
       Hand axe          |     3 |     8 |    70 |   147 |   233 ||   461
       Punch             |       |       |     1 |     1 |     1 ||     3
 Cast: Foxfire           |    72 |    88 |   101 |   129 |   124 ||   514
       Scorch            |       |    11 |    16 |    75 |    87 ||   189
       Flame Wave        |       |       |     2 |    31 |    41 ||    74
       Leda's Liquefacti |       |       |       |     3 |     8 ||    11
       Conjure Flame     |       |       |       |     7 |     8 ||    15
       Starburst         |       |       |       |       |    40 ||    40
Evoke: Wand              |       |       |       |       |     2 ||     2
  Use: Scroll            |     4 |       |     2 |    15 |    13 ||    34
       Potion            |       |       |     1 |     8 |     4 ||    13
 Stab: Sleeping          |       |       |     3 |     2 |     6 ||    11
       Distracted        |       |       |     4 |     1 |     4 ||     9
Armor: Robe              |     2 |     8 |       |       |       ||    10
       Ring mail         |       |       |    40 |   140 |   151 ||   331
       Leather armour    |       |       |       |       |    32 ||    32
Dodge: Dodged            |     5 |     8 |    63 |   155 |   287 ||   518
       Repelled          |       |       |     1 |     8 |     1 ||    10
